% Time on Ice - SAN DIEGO THUNDER
Lines # - Real PCT - Wanted PCT - Time Play
Normal Forward
1 - 37% - 35% - 16:28
2 - 32% - 33% - 14:01
3 - 23% - 26% - 10:06
4 - 8% - 6% - 3:20
Normal Defense
1 - 32% - 36% - 13:58
2 - 28% - 31% - 12:16
3 - 32% - 18% - 14:11
4 - 8% - 15% - 3:30
PP Forward
1 - 56% - 55% - 2:43
2 - 44% - 45% - 2:07
PP Defense
1 - 65% - 55% - 3:09
2 - 35% - 45% - 1:41
PK Forward
1 - 57% - 55% - 6:04
2 - 43% - 45% - 4:38
PK Defense
1 - 60% - 55% - 6:25
2 - 40% - 45% - 4:17
PK3 Forward
1 - 0% - 55%
2 - 0% - 45%
PK3 Defense
1 - 0% - 55%
2 - 0% - 45%
44 Forward
1 - 100% - 55% - 1:07
2 - 0% - 45% - 0:00
44 Defense
1 - 51% - 55% - 0:34
2 - 49% - 45% - 0:33
Last Minute Offensive  - 0:00
Last Minute Defensive  - 0:00
Total
Forward - 60:34
Defense - 60:34
% Time on Ice - KANSAS CITY KILLERBEES
Lines # - Real PCT - Wanted PCT - Time Play
Normal Forward
1 - 29% - 35% - 12:57
2 - 25% - 32% - 10:48
3 - 17% - 20% - 7:15
4 - 29% - 13% - 12:55
Normal Defense
1 - 34% - 36% - 14:53
2 - 33% - 31% - 14:33
3 - 30% - 23% - 13:09
4 - 3% - 10% - 1:20
PP Forward
1 - 36% - 55% - 3:53
2 - 64% - 45% - 6:49
PP Defense
1 - 45% - 55% - 4:49
2 - 55% - 45% - 5:53
PK Forward
1 - 93% - 55% - 4:29
2 - 7% - 45% - 0:21
PK Defense
1 - 59% - 55% - 2:52
2 - 41% - 45% - 1:58
PK3 Forward
1 - 100% - 55% - 0:34
2 - 0% - 45% - 0:00
PK3 Defense
1 - 91% - 55% - 0:31
2 - 9% - 45% - 0:03
44 Forward
1 - 100% - 55% - 0:33
2 - 0% - 45% - 0:00
44 Defense
1 - 0% - 55% - 0:00
2 - 100% - 45% - 0:33
Last Minute Offensive  - 0:00
Last Minute Defensive  - 0:00
Total
Forward - 60:34
Defense - 60:34
Play-by-Play 1st period 0:01 of 1st period - Sean Couturier wins face-off versus Nikita Kucherov in neutral zone. 0:13 of 1st period - Shot by Mark Scheifele. 0:13 of 1st period - Goal by Mark Scheifele - SAN DIEGO THUNDER : 1 - KANSAS CITY KILLERBEES : 0. 0:14 of 1st period - Logan Couture wins face-off versus Tyler Ennis in neutral zone. 0:33 of 1st period - Off-side. 0:34 of 1st period - Jean-Gabriel Pageau wins face-off versus Trevor Moore in neutral zone. 0:36 of 1st period - Ryan Hartman is hit by Jakub Zboril and loses puck. 1:33 of 1st period - Riley Sheahan is hit by Deryk Engelland. 1:40 of 1st period - Josh Archibald is hit by Patrik Nemeth. 2:20 of 1st period - Mark Scheifele is hit by Oscar Fantenberg and loses puck. 2:25 of 1st period - Shot by Mark Scheifele. 2:25 of 1st period - Shot Misses the Net. 2:27 of 1st period - Shot by Nikita Kucherov. 2:27 of 1st period - Shot Blocked by Justin Holl. 2:53 of 1st period - Shot by Mark Scheifele. 2:53 of 1st period - Goal by Mark Scheifele - SAN DIEGO THUNDER : 2 - KANSAS CITY KILLERBEES : 0. 2:54 of 1st period - Logan Couture wins face-off versus Trevor Moore in neutral zone. 5:13 of 1st period - Icing by Robert Fabbri. 5:14 of 1st period - Robert Fabbri wins face-off versus Trevor Moore in SAN DIEGO THUNDER zone. 5:14 of 1st period - Robert Fabbri is hit by Nicholas Ritchie. 5:25 of 1st period - Shot by Ryan Dzingel. 5:25 of 1st period - Stopped by Louis Domingue with a rebound. 5:27 of 1st period - Shot by Nicholas Ritchie. 5:27 of 1st period - Goal by Nicholas Ritchie - SAN DIEGO THUNDER : 2 - KANSAS CITY KILLERBEES : 1. 5:28 of 1st period - Sean Couturier wins face-off versus Logan Couture in neutral zone. 6:15 of 1st period - Sean Couturier is hit by David Perron and loses puck. 6:47 of 1st period - Icing by Erik Johnson. 6:48 of 1st period - Mark Scheifele wins face-off versus Riley Sheahan in SAN DIEGO THUNDER zone. 7:02 of 1st period - Minor Penalty to Charles McAvoy for High sticking. 7:03 of 1st period - Jean-Gabriel Pageau wins face-off versus Trevor Moore in SAN DIEGO THUNDER zone. 7:03 of 1st period - Jean-Gabriel Pageau is hit by Trevor Moore. 7:31 of 1st period - Shot by Cam Fowler. 7:31 of 1st period - Deflect By Zach Parise. 7:31 of 1st period - Stopped by Louis Domingue without a rebound. 7:32 of 1st period - Trevor Moore wins face-off versus Logan Couture in SAN DIEGO THUNDER zone. 7:54 of 1st period - Icing by Justin Holl. 7:55 of 1st period - Trevor Moore wins face-off versus Logan Couture in KANSAS CITY KILLERBEES zone. 7:55 of 1st period - Trevor Moore is hit by Marcus Foligno. 7:56 of 1st period - Trevor Moore from KANSAS CITY KILLERBEES is injured at 7:56 of 1st period (Back Spasms). 7:57 of 1st period - Sean Couturier wins face-off versus Jean-Gabriel Pageau in KANSAS CITY KILLERBEES zone. 8:22 of 1st period - Shot by Mark Stone. 8:22 of 1st period - Goal by Mark Stone - SAN DIEGO THUNDER : 2 - KANSAS CITY KILLERBEES : 2. 8:23 of 1st period - Tyler Ennis wins face-off versus Mark Scheifele in neutral zone. 8:34 of 1st period - Shot by Zach Parise. 8:34 of 1st period - Stopped by Louis Domingue without a rebound. 8:35 of 1st period - Sean Couturier wins face-off versus Logan Couture in SAN DIEGO THUNDER zone. 8:42 of 1st period - Shot by Nick Schmaltz. 8:42 of 1st period - Shot Misses the Net. 9:18 of 1st period - Shot by David Perron. 9:18 of 1st period - Shot Misses the Net. 9:31 of 1st period - Minor Penalty to Ryan Hartman for Tripping. 9:32 of 1st period - Jean-Gabriel Pageau wins face-off versus Sean Couturier in SAN DIEGO THUNDER zone. 9:48 of 1st period - Off-side. 9:49 of 1st period - Nick Schmaltz wins face-off versus Jean-Gabriel Pageau in neutral zone. 9:52 of 1st period - Shot by Zach Parise. 9:52 of 1st period - Stopped by Louis Domingue without a rebound. 9:53 of 1st period - Logan Couture wins face-off versus Mark Stone in SAN DIEGO THUNDER zone. 10:44 of 1st period - Connor Murphy is hit by Nick Schmaltz and loses puck. 11:30 of 1st period - Shot by Zach Hyman. 11:30 of 1st period - Stopped by Louis Domingue without a rebound. 11:31 of 1st period - Mark Stone wins face-off versus Mark Scheifele in SAN DIEGO THUNDER zone. 12:06 of 1st period - Shot by Ryan Dzingel. 12:06 of 1st period - Shot Misses the Net. 12:18 of 1st period - Shot by Mark Scheifele. 12:18 of 1st period - Stopped by Mikhail Berdin without a rebound. 12:19 of 1st period - Drake Batherson wins face-off versus Riley Sheahan in KANSAS CITY KILLERBEES zone. 12:22 of 1st period - Shot by David Perron. 12:22 of 1st period - Stopped by Mikhail Berdin without a rebound. 12:23 of 1st period - Logan Couture wins face-off versus Riley Sheahan in KANSAS CITY KILLERBEES zone. 12:45 of 1st period - Off-side. 12:46 of 1st period - Mark Scheifele wins face-off versus Mark Stone in neutral zone. 13:21 of 1st period - Shot by Nikita Kucherov. 13:21 of 1st period - Stopped by Mikhail Berdin without a rebound. 13:22 of 1st period - Tyler Ennis wins face-off versus Jean-Gabriel Pageau in KANSAS CITY KILLERBEES zone. 14:04 of 1st period - Off-side. 14:05 of 1st period - Sean Couturier wins face-off versus Logan Couture in neutral zone. 14:26 of 1st period - Shot by Logan Couture. 14:26 of 1st period - Deflect By David Perron. 14:26 of 1st period - Stopped by Mikhail Berdin without a rebound. 14:27 of 1st period - Mark Scheifele wins face-off versus Mark Stone in KANSAS CITY KILLERBEES zone. 14:31 of 1st period - Shot by Erik Johnson. 14:31 of 1st period - Shot Misses the Net. 14:33 of 1st period - Shot by Evander Kane. 14:33 of 1st period - Stopped by Mikhail Berdin without a rebound. 14:34 of 1st period - Tyler Ennis wins face-off versus Mark Scheifele in KANSAS CITY KILLERBEES zone. 14:45 of 1st period - Charles McAvoy is hit by Zach Parise and loses puck. 15:54 of 1st period - Shot by Sean Couturier. 15:54 of 1st period - Shot Misses the Net. 15:56 of 1st period - Shot by Mark Stone. 15:56 of 1st period - Shot Misses the Net. 15:59 of 1st period - Minor Penalty to Mark Borowiecki for High sticking. 16:00 of 1st period - Jean-Gabriel Pageau wins face-off versus Nick Schmaltz in SAN DIEGO THUNDER zone. 16:52 of 1st period - Shot by Mark Stone. 16:52 of 1st period - Stopped by Louis Domingue without a rebound. 16:53 of 1st period - Mark Stone wins face-off versus Logan Couture in SAN DIEGO THUNDER zone. 17:20 of 1st period - Shot by Zach Hyman. 17:20 of 1st period - Stopped by Louis Domingue without a rebound. 17:21 of 1st period - Sean Couturier wins face-off versus Jean-Gabriel Pageau in SAN DIEGO THUNDER zone. 17:24 of 1st period - Shot by Nick Schmaltz. 17:24 of 1st period - Stopped by Louis Domingue without a rebound. 17:25 of 1st period - Nick Schmaltz wins face-off versus Jean-Gabriel Pageau in SAN DIEGO THUNDER zone. 17:43 of 1st period - Sean Couturier is hit by Connor Murphy and loses puck. 17:46 of 1st period - Shot by Sean Couturier. 17:46 of 1st period - Stopped by Louis Domingue without a rebound. 17:47 of 1st period - Jean-Gabriel Pageau wins face-off versus Nick Schmaltz in SAN DIEGO THUNDER zone. 18:17 of 1st period - Shot by Josh Archibald. 18:17 of 1st period - Goal by Josh Archibald - SAN DIEGO THUNDER : 2 - KANSAS CITY KILLERBEES : 3. 18:18 of 1st period - Mark Stone wins face-off versus Logan Couture in neutral zone. 18:22 of 1st period - Mark Stone is hit by Mark Borowiecki and loses puck. 18:31 of 1st period - Shot by Logan Couture. 18:31 of 1st period - Stopped by Mikhail Berdin without a rebound. 18:32 of 1st period - Mark Scheifele wins face-off versus Zach Parise in KANSAS CITY KILLERBEES zone. 18:32 of 1st period - Mark Scheifele is hit by Oscar Fantenberg. 18:43 of 1st period - Zach Hyman is hit by Evander Kane. 18:57 of 1st period - Shot by Zach Hyman. 18:57 of 1st period - Shot Misses the Net. 19:02 of 1st period - Minor Penalty to Tyler Ennis for Hooking. 19:03 of 1st period - Nick Schmaltz wins face-off versus Jean-Gabriel Pageau in KANSAS CITY KILLERBEES zone. 19:03 of 1st period - Nick Schmaltz is hit by Jean-Gabriel Pageau. 19:31 of 1st period - Shot by Ilya Mikheyev. 19:31 of 1st period - Stopped by Mikhail Berdin without a rebound. 19:32 of 1st period - Mark Scheifele wins face-off versus Nick Schmaltz in KANSAS CITY KILLERBEES zone. 19:35 of 1st period - Shot by Nikita Kucherov. 19:35 of 1st period - Stopped by Mikhail Berdin without a rebound. 19:36 of 1st period - Mark Scheifele wins face-off versus Nick Schmaltz in KANSAS CITY KILLERBEES zone. Goals for this period are 2 for SAN DIEGO THUNDER vs 3 for KANSAS CITY KILLERBEES. Shots for this period are 10 for SAN DIEGO THUNDER vs 12 for KANSAS CITY KILLERBEES. 2nd period 0:01 of 2nd period - Nick Schmaltz wins face-off versus Mark Scheifele in neutral zone. 0:31 of 2nd period - Shot by Evander Kane. 0:31 of 2nd period - Shot Misses the Net. 0:33 of 2nd period - Shot by Mark Scheifele. 0:33 of 2nd period - Shot Misses the Net. 0:35 of 2nd period - Shot by Nikita Kucherov. 0:35 of 2nd period - Shot Misses the Net. 0:37 of 2nd period - Shot by Nikita Kucherov. 0:37 of 2nd period - Shot Misses the Net. 1:20 of 2nd period - Shot by Jean-Gabriel Pageau. 1:20 of 2nd period - Stopped by Mikhail Berdin without a rebound. 1:21 of 2nd period - Logan Couture wins face-off versus Mark Stone in KANSAS CITY KILLERBEES zone. 1:29 of 2nd period - Logan Couture is hit by Adam Larsson and loses puck. 1:38 of 2nd period - Patrik Nemeth is hit by Nicholas Ritchie and loses puck. 2:12 of 2nd period - Icing by Deryk Engelland. 2:13 of 2nd period - Logan Couture wins face-off versus Tyler Ennis in SAN DIEGO THUNDER zone. 2:13 of 2nd period - Logan Couture is hit by Tyler Ennis. 2:36 of 2nd period - Jean-Gabriel Pageau is hit by Colin Miller and loses puck. 2:41 of 2nd period - Shot by Marcus Foligno. 2:41 of 2nd period - Shot Misses the Net. 2:49 of 2nd period - Shot by Jean-Gabriel Pageau. 2:49 of 2nd period - Stopped by Mikhail Berdin without a rebound. 2:50 of 2nd period - Sean Couturier wins face-off versus Nikita Kucherov in KANSAS CITY KILLERBEES zone. 2:50 of 2nd period - Sean Couturier is hit by Evander Kane. 2:58 of 2nd period - Sean Couturier is hit by Evander Kane and loses puck. 3:19 of 2nd period - Shot by Mark Stone. 3:19 of 2nd period - Stopped by Louis Domingue without a rebound. 3:20 of 2nd period - Jean-Gabriel Pageau wins face-off versus Nicholas Ritchie in SAN DIEGO THUNDER zone. 4:18 of 2nd period - Riley Sheahan is hit by Mark Borowiecki and loses puck. 4:55 of 2nd period - Shot by Ilya Mikheyev. 4:55 of 2nd period - Shot Misses the Net. 4:57 of 2nd period - Shot by Ilya Mikheyev. 4:57 of 2nd period - Stopped by Mikhail Berdin without a rebound. 4:58 of 2nd period - Sean Couturier wins face-off versus Nikita Kucherov in KANSAS CITY KILLERBEES zone. 4:58 of 2nd period - Sean Couturier is hit by Evander Kane. 5:11 of 2nd period - Shot by Mark Scheifele. 5:11 of 2nd period - Shot Hit the Post. 5:27 of 2nd period - Shot by Nick Schmaltz. 5:27 of 2nd period - Shot Blocked by Patrik Nemeth. 5:29 of 2nd period - Shot by Sean Couturier. 5:29 of 2nd period - Shot Misses the Net. 5:44 of 2nd period - Icing by Mark Scheifele. 5:45 of 2nd period - Mark Scheifele wins face-off versus Nick Schmaltz in SAN DIEGO THUNDER zone. 6:13 of 2nd period - Shot by David Perron. 6:13 of 2nd period - Shot Misses the Net. 6:15 of 2nd period - Shot by Logan Couture. 6:15 of 2nd period - Stopped by Mikhail Berdin without a rebound. 6:16 of 2nd period - Robert Fabbri wins face-off versus Tyler Ennis in KANSAS CITY KILLERBEES zone. 6:32 of 2nd period - Robert Fabbri is hit by Zach Hyman and loses puck. 6:47 of 2nd period - Shot by Robert Fabbri. 6:47 of 2nd period - Shot Misses the Net. 6:49 of 2nd period - Shot by Marcus Foligno. 6:49 of 2nd period - Stopped by Mikhail Berdin with a rebound. 6:51 of 2nd period - Shot by Robert Fabbri. 6:51 of 2nd period - Stopped by Mikhail Berdin without a rebound. 6:52 of 2nd period - Mark Stone wins face-off versus Logan Couture in KANSAS CITY KILLERBEES zone. 7:10 of 2nd period - Shot by David Perron. 7:10 of 2nd period - Shot Blocked by Cam Fowler. 7:29 of 2nd period - Shot by Logan Couture. 7:29 of 2nd period - Shot Misses the Net. 8:03 of 2nd period - Shot by Mark Scheifele. 8:03 of 2nd period - Shot Misses the Net. 8:05 of 2nd period - Shot by Nikita Kucherov. 8:05 of 2nd period - Stopped by Mikhail Berdin without a rebound. 8:06 of 2nd period - Jean-Gabriel Pageau wins face-off versus Tyler Ennis in KANSAS CITY KILLERBEES zone. 8:19 of 2nd period - Jean-Gabriel Pageau is hit by Tyler Ennis and loses puck. 8:30 of 2nd period - Shot by Jean-Gabriel Pageau. 8:30 of 2nd period - Stopped by Mikhail Berdin without a rebound. 8:31 of 2nd period - Mark Scheifele wins face-off versus Tyler Ennis in KANSAS CITY KILLERBEES zone. 9:12 of 2nd period - Shot by Mark Scheifele. 9:12 of 2nd period - Stopped by Mikhail Berdin with a rebound. 9:14 of 2nd period - Shot by Deryk Engelland. 9:14 of 2nd period - Shot Misses the Net. 9:40 of 2nd period - Shot by David Perron. 9:40 of 2nd period - Deflect By Logan Couture. 9:40 of 2nd period - Shot Blocked by Oscar Fantenberg. 9:42 of 2nd period - Shot by Erik Johnson. 9:42 of 2nd period - Shot Misses the Net. 9:44 of 2nd period - Shot by Erik Johnson. 9:44 of 2nd period - Stopped by Mikhail Berdin without a rebound. 9:45 of 2nd period - Jean-Gabriel Pageau wins face-off versus Sean Couturier in KANSAS CITY KILLERBEES zone. 10:26 of 2nd period - Shot by Sean Couturier. 10:26 of 2nd period - Shot Blocked by Connor Murphy. 11:15 of 2nd period - Nicholas Ritchie is hit by David Perron and loses puck. 11:39 of 2nd period - Icing by Oscar Fantenberg. 11:40 of 2nd period - Markus Granlund wins face-off versus Mark Scheifele in KANSAS CITY KILLERBEES zone. 11:40 of 2nd period - Ryan Dzingel is hit by Evander Kane and loses puck. 11:44 of 2nd period - Justin Holl is hit by Evander Kane and loses puck. 12:12 of 2nd period - Zach Parise is hit by Deryk Engelland and loses puck. 12:34 of 2nd period - Icing by Nikita Kucherov. 12:35 of 2nd period - Mark Scheifele wins face-off versus Sean Couturier in SAN DIEGO THUNDER zone. 13:20 of 2nd period - Shot by Riley Sheahan. 13:20 of 2nd period - Deflect By Tyler Ennis. 13:20 of 2nd period - Stopped by Louis Domingue without a rebound. 13:21 of 2nd period - Jean-Gabriel Pageau wins face-off versus Sean Couturier in SAN DIEGO THUNDER zone. 13:32 of 2nd period - Shot by Marcus Foligno. 13:32 of 2nd period - Stopped by Mikhail Berdin without a rebound. 13:33 of 2nd period - Robert Fabbri wins face-off versus Tyler Ennis in KANSAS CITY KILLERBEES zone. 13:47 of 2nd period - Shot by Marcus Foligno. 13:47 of 2nd period - Deflect By Robert Fabbri. 13:47 of 2nd period - St